Map: Deathaura LE

Players

Cham

  • Race: Zerg Zerg
  • League: Grandmaster
  • Spawn Location: 11:00

TheZergLord - Winner!

  • Race: Zerg Zerg
  • Spawn Location: 5:00

Event: DreamHack SC2 Masters 2020 Winter

VOD

Have the link to the VOD?

Description

Time

  • Played on: Oct. 21, 2020, 3:27 p.m.
  • Length: 7:05

All games in this series

Show
View Real Time Build Order
Export as new Build Order

Cham Zerg 

Build Orders: Hatch First 

Get SALT Encoding   

  12  0:05  Drone  
  13  0:08  Drone  
  14  0:16  Overlord  
  14  0:35  Drone x2  
  16  0:47  Hatchery  
  15  0:51  Drone  
  15  0:56  Drone  
  17  1:00  Drone  
  18  1:09  Extractor  
  17  1:14  Spawning Pool  
  17  1:16  Drone  
  17  1:21  Drone  
  18  1:31  Drone  
  19  1:42  Drone  
  20  1:54  Drone  
  21  2:01  Queen x2  
  23  2:02  Zergling x2  
  23  2:03  Overlord  
  26  2:12  Drone  
  26  2:15  Drone, Metabolic Boost  
  28  2:23  Drone  
  28  2:26  Drone  
  30  2:33  Hatchery  
  29  2:40  Drone  
  30  2:44  Baneling Nest  
  30  2:45  Drone  
  30  2:49  Overlord  
  30  2:53  Drone  
  30  2:54  Zergling x2  
  32  2:59  Zergling x2  
  32  3:04  Zergling x2  
  34  3:08  Zergling x2  
  34  3:09  Drone  
  34  3:10  Drone x2  
  38  3:13  Drone  
  38  3:14  Drone  
  38  3:17  Drone  
  41  3:23  Drone  
  42  3:28  Evolution Chamber, Drone  
  42  3:29  Baneling  
  42  3:32  Drone  
  43  3:40  Overlord  
  43  3:42  Drone  
  43  3:43  Overlord  
  43  3:44  Queen  
  43  3:47  Drone x3  
  49  3:54  Zerg Melee Weapons Level 1  
  49  3:55  Drone  
  50  4:03  Lair  
  50  4:04  Overlord  
  50  4:06  Drone x2  
  50  4:07  Extractor  
  50  4:12  Roach Warren  
  50  4:13  Drone x2  
  50  4:15  Drone  
  52  4:19  Drone x2  
  52  4:20  Drone  
  52  4:21  Drone  
  56  4:25  Drone x2  
  56  4:28  Drone  
  56  4:29  Overlord  
  59  4:31  Extractor  
  59  4:32  Drone  
  59  4:34  Extractor  
  58  4:38  Drone x2  
  58  4:39  Drone  
  58  4:40  Overlord  
  58  4:44  Extractor  
  60  4:46  Drone x3, Extractor  
  60  4:47  Drone  
  60  4:49  Drone x2  
  65  4:55  Overlord  
  65  4:56  Overlord  
  65  4:57  Roach  
  65  4:59  Drone  
  68  5:04  Spire  
  67  5:09  Drone x3  
  67  5:11  Drone  
  67  5:13  Overlord  
  71  5:15  Drone  
  71  5:18  Roach  
  71  5:19  Roach  
  75  5:23  Overlord  
  75  5:25  Zergling x4  
  75  5:27  Zergling x2  
  75  5:28  Zergling x2  
  79  5:30  Zergling x2  
  79  5:31  Zergling x2  
  79  5:32  Zergling x2  
  79  5:33  Zergling x2  
  83  5:38  Overlord  
  83  5:40  Overlord  
  83  5:43  Roach x3  
  83  5:46  Roach  
  91  5:50  Roach x2  
  91  5:53  Roach x2  
  91  5:55  Roach  
  91  5:57  Roach  
  101  6:00  Roach x2  
  101  6:02  Roach  
  109  6:04  Roach  
  109  6:08  Roach x2  
  111  6:14  Roach x3  
  111  6:16  Roach  
  111  6:17  Roach  
  110  6:23  Roach x2  
  98  6:27  Roach  
  98  6:28  Roach  
  98  6:29  Mutalisk, Roach  
  98  6:30  Mutalisk  
  96  6:37  Mutalisk x3  
Show
View Real Time Build Order
Export as new Build Order

TheZergLord Zerg - Winner!

Build Orders: Hatch First 

Get SALT Encoding   

  12  0:00  Drone  
  13  0:12  Overlord  
  13  0:17  Drone  
  14  0:31  Drone x2  
  16  0:48  Hatchery  
  15  0:51  Drone  
  15  0:55  Drone  
  17  0:59  Drone  
  18  1:09  Extractor  
  17  1:13  Spawning Pool  
  17  1:16  Drone  
  17  1:20  Drone  
  18  1:29  Drone  
  19  1:41  Drone  
  20  1:50  Drone  
  21  2:00  Overlord  
  21  2:01  Queen x2, Zergling x2  
  26  2:13  Drone x2  
  28  2:24  Drone x2  
  30  2:33  Drone  
  30  2:34  Drone, Hatchery  
  31  2:42  Queen  
  33  2:47  Overlord  
  33  2:49  Drone  
  34  2:55  Drone x2  
  36  3:01  Roach Warren  
  35  3:11  Drone x3  
  38  3:13  Overlord  
  38  3:14  Drone  
  38  3:19  Drone x2  
  41  3:23  Evolution Chamber  
  39  3:27  Drone x3  
  39  3:33  Drone x2  
  44  3:37  Extractor  
  44  3:38  Lair  
  43  3:44  Roach x2  
  43  3:46  Roach  
  49  3:54  Zerg Missile Weapons Level 1  
  49  3:56  Roach  
  49  3:57  Roach  
  49  3:59  Overlord  
  53  4:04  Overlord  
  53  4:08  Drone x4  
  57  4:14  Overlord  
  57  4:20  Drone x5  
  57  4:23  Extractor  
  61  4:25  Overlord  
  61  4:26  Drone  
  61  4:27  Drone  
  61  4:30  Drone x2  
  65  4:35  Drone x2  
  65  4:36  Extractor  
  66  4:39  Glial Reconstitution  
  66  4:46  Evolution Chamber  
  66  4:47  Roach x3  
  66  4:48  Roach  
  73  5:03  Roach x5  
  73  5:04  Roach x2  
  73  5:05  Overlord  
  87  5:07  Overlord  
  87  5:13  Overlord  
  87  5:14  Overlord  
  87  5:19  Overlord  
  87  5:20  Roach  
  89  5:29  Roach x2  
  89  5:30  Roach x4  
  89  5:32  Overlord  
  89  5:34  Roach  
  103  5:37  Roach  
  103  5:38  Roach  
  107  5:46  Roach x4  
  115  5:56  Roach x4  
  115  5:57  Queen  
  121  6:03  Overlord  
  125  6:04  Roach  
  125  6:05  Roach  
  125  6:06  Roach  
  121  6:21  Roach x4  
  121  6:22  Roach x2  
  117  6:36  Roach x5  
  123  6:41  Roach  
Tags
 
Add a new tag
Caveats
  • Supply blocks, unpowered buildings, or Contaminate may cause inaccurate times.
  • Supply counts are checked every 10 seconds.